TOP OF THE 1ST |
Los Angeles (NYP) Angels batting - Pitching for Minnesota (NYP) Twins : LHP Josh Armstrong
|
Pitching: LHP Josh Armstrong
|
|
Batting: RHB Steve Hasson
|
0-0: Called Strike 0-1: Foul Ball, location: 2F 0-2: Ball 1-2: Foul Ball, location: 2F 1-2: Ground out 5-3 (Groundball, 56, EV 87.5 MPH)
|
Batting: RHB Greg Burdine
|
0-0: Called Strike 0-1: Ball 1-1: Ball 2-1: Ground out 1-3 (Groundball, 13S, EV 70.0 MPH)
|
Batting: RHB Randy Grewe
|
0-0: Foul Ball, location: 2F 0-1: Ball 1-1: Ball 2-1: Ball 3-1: Ground out 6-3 (Groundball, 6, EV 91.3 MPH)
|
Top of the 1st over - 0 runs, 0 hits, 0 errors, 0 left on base; Los Angeles (NYP) 0 - Minnesota (NYP) 0 |
BOTTOM OF THE 1ST |
Minnesota (NYP) Twins batting - Pitching for Los Angeles (NYP) Angels : RHP Bartholomeu Voivodic
|
Pitching: RHP Bartholomeu Voivodic
|
|
Batting: LHB Chris Munguia
|
0-0: Called Strike 0-1: Ball 1-1: Ball 2-1: Ball 3-1: Fly out, F7 (Flyball, 7S, EV 90.0 MPH)
|
Batting: RHB David Nardone
|
0-0: Ball 1-0: Foul Ball, location: 2F 1-1: Foul Ball, location: 2F 1-2: Foul Ball, location: 2F 1-2: Ball 2-2: Ground out 4-3 (Groundball, 4, EV 83.8 MPH)
|
Batting: RHB Miguel Diaz
|
0-0: Ball 1-0: Ball 2-0: Ball 3-0: Called Strike 3-1: Base on Balls
|
Batting: RHB Jose Nunez
|
0-0: Called Strike 0-1: Ball 1-1: Ball 2-1: Foul Ball, location: 2F 2-2: Ball 3-2: Foul Ball, location: 2F 3-2: Foul Ball, location: 2F 3-2: Base on Balls Miguel Diaz to second
|
Batting: RHB Michael McDonald
|
0-0: Swinging Strike 0-1: Ball 1-1: Ball 2-1: Foul Ball, location: 2F 2-2: Ground out 4-3 (Groundball, 4, EV 104.4 MPH)
|
Bottom of the 1st over - 0 runs, 0 hits, 0 errors, 2 left on base; Los Angeles (NYP) 0 - Minnesota (NYP) 0 |
TOP OF THE 2ND |
Los Angeles (NYP) Angels batting - Pitching for Minnesota (NYP) Twins : LHP Josh Armstrong
|
Batting: RHB Jon Griffin
|
0-0: Called Strike 0-1: Swinging Strike 0-2: Ball 1-2: Fly out, F8 (Line Drive, 8RD, EV 85.0 MPH)
|
Batting: RHB Pat Crawley
|
0-0: Called Strike 0-1: Ground out 4-3 (Groundball, 4, EV 95.6 MPH)
|
Batting: RHB Tristan Lewis
|
0-0: Ball 1-0: Ground out 6-3 (Groundball, 6, EV 89.4 MPH)
|
Top of the 2nd over - 0 runs, 0 hits, 0 errors, 0 left on base; Los Angeles (NYP) 0 - Minnesota (NYP) 0 |
BOTTOM OF THE 2ND |
Minnesota (NYP) Twins batting - Pitching for Los Angeles (NYP) Angels : RHP Bartholomeu Voivodic
|
Batting: RHB Sean Gould
|
0-0: Ball 1-0: Ball 2-0: Swinging Strike 2-1: Ball 3-1: Base on Balls
|
Batting: RHB Graham Calvert
|
0-0: Foul Ball, location: 2F 0-1: Foul Ball, location: 2F 0-2: Foul Ball, location: 2F 0-2: Ball 1-2: Fly out, F5 (Popup, 56S, EV 77.5 MPH)
|
Batting: RHB Tony Crespo
|
0-0: Fielders Choice at 2nd, 1-4 (Groundball, 15S, EV 70.0 MPH)
|
Batting: LHB Seung-jun Chang
|
0-0: Ball Tony Crespo steals 2nd base 1-0: Called Strike 1-1: Foul Ball, location: 2F 1-2: Foul Ball, location: 2F 1-2: Foul Ball, location: 2F 1-2: Foul Ball, location: 2F 1-2: Strikes out looking
|
Bottom of the 2nd over - 0 runs, 0 hits, 0 errors, 1 left on base; Los Angeles (NYP) 0 - Minnesota (NYP) 0 |
TOP OF THE 3RD |
Los Angeles (NYP) Angels batting - Pitching for Minnesota (NYP) Twins : LHP Josh Armstrong
|
Batting: RHB Luis Garcia
|
0-0: Ball 1-0: Ground out 5-3 (Groundball, 56, EV 82.5 MPH)
|
Batting: RHB David Kunze
|
0-0: Fly out, F9 (Flyball, 89S, EV 81.3 MPH)
|
Batting: RHB Zach Robbins
|
0-0: Ball 1-0: Ground out 6-3 (Groundball, 6, EV 103.8 MPH)
|
Top of the 3rd over - 0 runs, 0 hits, 0 errors, 0 left on base; Los Angeles (NYP) 0 - Minnesota (NYP) 0 |
BOTTOM OF THE 3RD |
Minnesota (NYP) Twins batting - Pitching for Los Angeles (NYP) Angels : RHP Bartholomeu Voivodic
|
Batting: LHB Chris Munguia
|
0-0: Foul Ball, location: 2F 0-1: Ball 1-1: Ball 2-1: Fly out, F8 (Flyball, 8RS, EV 72.5 MPH)
|
Batting: RHB David Nardone
|
0-0: Ball 1-0: Fly out, F7 (Flyball, 7D, EV 95.6 MPH)
|
Batting: RHB Miguel Diaz
|
0-0: Called Strike 0-1: Ball 1-1: Called Strike 1-2: SINGLE (Line Drive, 4M, EV 96.3 MPH)
|
Batting: RHB Jose Nunez
|
0-0: Ball 1-0: Ground out 4-3 (Groundball, 13, EV 81.9 MPH)
|
Bottom of the 3rd over - 0 runs, 1 hit, 0 errors, 1 left on base; Los Angeles (NYP) 0 - Minnesota (NYP) 0 |
TOP OF THE 4TH |
Los Angeles (NYP) Angels batting - Pitching for Minnesota (NYP) Twins : LHP Josh Armstrong
|
Batting: RHB Steve Hasson
|
0-0: Ball 1-0: Ball 2-0: Ball 3-0: Called Strike 3-1: Base on Balls
|
Batting: RHB Greg Burdine
|
0-0: Ball 1-0: Ball 2-0: Foul Ball, location: 2F 2-1: Foul Ball, location: 2F 2-2: Ball 3-2: Base on Balls Steve Hasson to second
|
Batting: RHB Randy Grewe
|
0-0: Ball 1-0: Ball 2-0: Ball 3-0: Base on Balls Steve Hasson to third Greg Burdine to second
|
Batting: RHB Jon Griffin
|
0-0: Swinging Strike 0-1: Fly out, F7 (Flyball, 78M, EV 77.5 MPH)
|
Batting: RHB Pat Crawley
|
0-0: Called Strike 0-1: Called Strike 0-2: SINGLE (Line Drive, 8LS, EV 104.4 MPH) Steve Hasson scores Greg Burdine to third Randy Grewe to second
|
Batting: RHB Tristan Lewis
|
0-0: Called Strike 0-1: Called Strike 0-2: Strikes out swinging
|
Batting: RHB Luis Garcia
|
0-0: Swinging Strike Passed Ball! Greg Burdine scores Randy Grewe to third Pat Crawley to second 0-1: Ball 1-1: DOUBLE (Line Drive, 9LS, EV 103.1 MPH) Randy Grewe scores Pat Crawley scores
|
Batting: RHB David Kunze
|
0-0: Called Strike 0-1: Ball 1-1: Ball 2-1: Ball 3-1: Base on Balls
|
Batting: RHB Zach Robbins
|
0-0: Ball 1-0: Called Strike 1-1: Fielders Choice at 2nd, 5-4 (Groundball, 56, EV 87.5 MPH)
|
Top of the 4th over - 4 runs, 2 hits, 0 errors, 2 left on base; Los Angeles (NYP) 4 - Minnesota (NYP) 0 |
BOTTOM OF THE 4TH |
Minnesota (NYP) Twins batting - Pitching for Los Angeles (NYP) Angels : RHP Bartholomeu Voivodic
|
Batting: RHB Michael McDonald
|
0-0: Ball 1-0: Ball 2-0: Ball 3-0: Called Strike 3-1: Foul Ball, location: 2F 3-2: Foul Ball, location: 2F 3-2: Foul Ball, location: 2F 3-2: Ground out 4-3 (Groundball, 4, EV 91.9 MPH)
|
Batting: RHB Sean Gould
|
0-0: Ball 1-0: DOUBLE (Groundball, 3L, EV 110.6 MPH)
|
Batting: RHB Graham Calvert
|
0-0: Ball 1-0: Ball Sean Gould steals 3rd base 2-0: Ball 3-0: Base on Balls
|
Batting: RHB Tony Crespo
|
0-0: Ball 1-0: Foul Ball, location: 2F 1-1: SINGLE (Groundball, 6M, EV 98.8 MPH) Sean Gould scores Graham Calvert to second
|
Batting: LHB Seung-jun Chang
|
0-0: Ball 1-0: Swinging Strike 1-1: Swinging Strike 1-2: Fielders Choice at 2nd, 4-6 (Groundball, 4, EV 86.3 MPH) Graham Calvert to third
|
Batting: LHB Chris Munguia
|
0-0: Ball 1-0: Ground out 5-3 (Groundball, 56S, EV 81.9 MPH)
|
Bottom of the 4th over - 1 run, 2 hits, 0 errors, 2 left on base; Los Angeles (NYP) 4 - Minnesota (NYP) 1 |
TOP OF THE 5TH |
Los Angeles (NYP) Angels batting - Pitching for Minnesota (NYP) Twins : LHP Josh Armstrong
|
Batting: RHB Steve Hasson
|
0-0: Called Strike 0-1: Foul Ball, location: 2F 0-2: Foul Ball, location: 2F 0-2: Ball 1-2: Ball 2-2: Foul Ball, location: 2F 2-2: Ball 3-2: Foul Ball, location: 2F 3-2: Foul Ball, location: 2F 3-2: Foul Ball, location: 2F 3-2: Base on Balls
|
Pitching: RHP Kevin Colgin
|
|
Batting: RHB Greg Burdine
|
0-0: Ball 1-0: DOUBLE (Groundball, 5L, EV 102.5 MPH) Steve Hasson to third
|
Batting: RHB Randy Grewe
|
0-0: Called Strike 0-1: Fly out, F5 (Line Drive, 5, EV 70.0 MPH)
|
Batting: RHB Jon Griffin
|
0-0: Ball 1-0: Ball 2-0: Ball 3-0: Called Strike 3-1: Foul Ball, location: 2F 3-2: Foul Ball, location: 2F 3-2: Foul Ball, location: 2F 3-2: SINGLE (Line Drive, 89S, EV 105.6 MPH) Steve Hasson scores Greg Burdine to third
|
Batting: RHB Pat Crawley
|
0-0: Fly out, F4 (Popup, 34, EV 65.0 MPH)
|
Batting: RHB Tristan Lewis
|
0-0: Foul Ball, location: 2F 0-1: Foul Ball, location: 2F 0-2: Foul Ball, location: 2F 0-2: Ball 1-2: Ball 2-2: Ball 3-2: Base on Balls Jon Griffin to second
|
Pitching: RHP Matt Lundy
|
|
Batting: RHB Luis Garcia
|
0-0: Called Strike 0-1: Ball 1-1: Ball 2-1: Ball 3-1: SINGLE (Groundball, 6D, EV 95.0 MPH) Greg Burdine scores Jon Griffin to third Tristan Lewis to second Runner from 3rd tries for Home, SAFE, throw by CF to home
|
Batting: RHB David Kunze
|
0-0: Called Strike 0-1: Ball 1-1: Ball 2-1: Called Strike 2-2: SINGLE (Line Drive, 34, EV 101.3 MPH) Tristan Lewis to third Luis Garcia to second
|
Batting: RHB Zach Robbins
|
0-0: Swinging Strike 0-1: Fielders Choice at 2nd, 5-4 (Groundball, 56, EV 108.8 MPH)
|
Top of the 5th over - 3 runs, 4 hits, 0 errors, 3 left on base; Los Angeles (NYP) 7 - Minnesota (NYP) 1 |
BOTTOM OF THE 5TH |
Minnesota (NYP) Twins batting - Pitching for Los Angeles (NYP) Angels : RHP Bartholomeu Voivodic
|
Batting: RHB David Nardone
|
0-0: Called Strike 0-1: Swinging Strike 0-2: Strikes out swinging
|
Batting: RHB Miguel Diaz
|
0-0: Called Strike 0-1: Ball 1-1: Ball 2-1: Called Strike 2-2: Strikes out swinging
|
Batting: RHB Jose Nunez
|
0-0: Ball 1-0: Called Strike 1-1: Foul Ball, location: 2F 1-2: Ball 2-2: Ball 3-2: Fly out, F7 (Flyball, 78S, EV 89.4 MPH)
|
Bottom of the 5th over - 0 runs, 0 hits, 0 errors, 0 left on base; Los Angeles (NYP) 7 - Minnesota (NYP) 1 |
TOP OF THE 6TH |
Los Angeles (NYP) Angels batting - Pitching for Minnesota (NYP) Twins : RHP Matt Lundy
|
Batting: RHB Steve Hasson
|
0-0: Foul Ball, location: 2F 0-1: Ground out 6-3 (Groundball, 6, EV 87.5 MPH)
|
Batting: RHB Greg Burdine
|
0-0: Ball 1-0: Ball 2-0: Called Strike 2-1: DOUBLE (Line Drive, 89M, EV 111.9 MPH)
|
Batting: RHB Randy Grewe
|
0-0: Ball 1-0: Fly out, F7 (Flyball, 78M, EV 89.4 MPH)
|
Batting: RHB Jon Griffin
|
0-0: Ball 1-0: Ball 2-0: Ball 3-0: Called Strike 3-1: Base on Balls
|
Batting: RHB Pat Crawley
|
0-0: Ball 1-0: Ball 2-0: Foul Ball, location: 2F 2-1: Ball 3-1: Swinging Strike 3-2: SINGLE (Groundball, 56D, EV 85.6 MPH) (infield hit) Greg Burdine to third Jon Griffin to second
|
Batting: RHB Tristan Lewis
|
0-0: Ball 1-0: Swinging Strike 1-1: Fly out, F8 (Flyball, 8LD, EV 97.5 MPH)
|
Top of the 6th over - 0 runs, 2 hits, 0 errors, 3 left on base; Los Angeles (NYP) 7 - Minnesota (NYP) 1 |
BOTTOM OF THE 6TH |
Minnesota (NYP) Twins batting - Pitching for Los Angeles (NYP) Angels : RHP Bartholomeu Voivodic
|
Pitching: RHP Pete Warren
|
|
Batting: RHB Michael McDonald
|
0-0: Ball 1-0: Ball 2-0: Ball 3-0: Called Strike 3-1: Foul Ball, location: 2F 3-2: Foul Ball, location: 2F 3-2: Foul Ball, location: 2F 3-2: Base on Balls
|
Batting: RHB Sean Gould
|
0-0: Called Strike 0-1: Foul Ball, location: 2F 0-2: Foul Ball, location: 2F 0-2: Ball 1-2: Ball 2-2: Foul Ball, location: 2F 2-2: Fielders Choice at 2nd, 4-6 (Groundball, 34, EV 84.4 MPH)
|
Batting: RHB Graham Calvert
|
0-0: Ball 1-0: Ball 2-0: Called Strike 2-1: Foul Ball, location: 2F 2-2: Strikes out swinging
|
Batting: RHB Tony Crespo
|
0-0: Ball Sean Gould steals 2nd base 1-0: Ball 2-0: Ball 3-0: Called Strike 3-1: Fly out, F9 (Flyball, 89D, EV 85.6 MPH)
|
Bottom of the 6th over - 0 runs, 0 hits, 0 errors, 1 left on base; Los Angeles (NYP) 7 - Minnesota (NYP) 1 |
TOP OF THE 7TH |
Los Angeles (NYP) Angels batting - Pitching for Minnesota (NYP) Twins : RHP Matt Lundy
|
Batting: RHB Luis Garcia
|
0-0: Called Strike 0-1: Called Strike 0-2: Strikes out swinging
|
Batting: RHB David Kunze
|
0-0: Called Strike 0-1: Ball 1-1: Ball 2-1: Foul Ball, location: 2F 2-2: Ball 3-2: Base on Balls
|
Batting: RHB Zach Robbins
|
0-0: Ball David Kunze steals 2nd base 1-0: Called Strike 1-1: Swinging Strike 1-2: Ground out 6-3 (Groundball, 6, EV 110.6 MPH)
|
Batting: RHB Steve Hasson
|
0-0: Called Strike 0-1: SINGLE (Line Drive, 8RS, EV 103.8 MPH) David Kunze to third
|
Batting: RHB Greg Burdine
|
0-0: Ball 1-0: Ball 2-0: Ball 3-0: Called Strike 3-1: Base on Balls Steve Hasson to second
|
Batting: RHB Randy Grewe
|
0-0: Called Strike 0-1: Ball 1-1: Ball 2-1: Ball 3-1: Base on Balls David Kunze scores Steve Hasson to third Greg Burdine to second
|
Batting: RHB Jon Griffin
|
0-0: Ball 1-0: DOUBLE (Line Drive, 7LM, EV 106.3 MPH) Steve Hasson scores Greg Burdine scores Randy Grewe to third
|
Pitching: RHP Ruben Torres
|
|
Batting: RHB Pat Crawley
|
0-0: Ball 1-0: Foul Ball, location: 2F 1-1: Fly out, F9 (Flyball, 89M, EV 88.8 MPH)
|
Top of the 7th over - 3 runs, 2 hits, 0 errors, 2 left on base; Los Angeles (NYP) 10 - Minnesota (NYP) 1 |
BOTTOM OF THE 7TH |
Minnesota (NYP) Twins batting - Pitching for Los Angeles (NYP) Angels : RHP Pete Warren
|
Batting: LHB Seung-jun Chang
|
0-0: Called Strike 0-1: Ball 1-1: Called Strike 1-2: Strikes out swinging
|
Pitching: RHP Kevin Greene
|
|
Batting: LHB Chris Munguia
|
0-0: Swinging Strike 0-1: Ball 1-1: Foul Ball, location: 2F 1-2: Ball 2-2: Strikes out swinging
|
Batting: RHB David Nardone
|
0-0: Ball 1-0: Ball 2-0: TRIPLE (Line Drive, 89XD, EV 108.1 MPH)
|
Batting: RHB Miguel Diaz
|
0-0: Ball 1-0: Ball 2-0: Ball 3-0: Base on Balls
|
Batting: RHB Jose Nunez
|
0-0: Ball 1-0: Called Strike 1-1: Ball 2-1: Fielders Choice at 2nd, 6-4 (Groundball, 6, EV 83.1 MPH)
|
Bottom of the 7th over - 0 runs, 1 hit, 0 errors, 2 left on base; Los Angeles (NYP) 10 - Minnesota (NYP) 1 |
TOP OF THE 8TH |
Los Angeles (NYP) Angels batting - Pitching for Minnesota (NYP) Twins : RHP Ruben Torres
|
Batting: RHB Tristan Lewis
|
0-0: Ball 1-0: Called Strike 1-1: Ground out 5-3 (Groundball, 56S, EV 73.1 MPH)
|
Batting: RHB Luis Garcia
|
0-0: Ball 1-0: Foul Ball, location: 2F 1-1: Ball 2-1: Ball 3-1: SINGLE (Line Drive, 89S, EV 92.5 MPH)
|
Batting: RHB David Kunze
|
0-0: Ball 1-0: Called Strike 1-1: Fielders Choice at 2nd, 5-4 (Groundball, 5, EV 105.6 MPH)
|
Batting: RHB Zach Robbins
|
0-0: Ball 1-0: Ball 2-0: Called Strike 2-1: Swinging Strike 2-2: Fielders Choice at 2nd, 6-4 (Groundball, 6, EV 104.4 MPH)
|
Top of the 8th over - 0 runs, 1 hit, 0 errors, 1 left on base; Los Angeles (NYP) 10 - Minnesota (NYP) 1 |
BOTTOM OF THE 8TH |
Minnesota (NYP) Twins batting - Pitching for Los Angeles (NYP) Angels : RHP Kevin Greene
|
Batting: RHB Michael McDonald
|
0-0: Ball 1-0: Called Strike 1-1: Swinging Strike 1-2: Foul Ball, location: 2F 1-2: Ball 2-2: Foul Ball, location: 2F 2-2: Fly out, F8 (Line Drive, 8RM, EV 95.6 MPH)
|
Batting: RHB Sean Gould
|
0-0: Ball 1-0: Ball 2-0: Ball 3-0: Called Strike 3-1: Base on Balls
|
Pitching: RHP Cal Abbott
|
|
Batting: RHB Graham Calvert
|
0-0: Ball 1-0: Called Strike 1-1: Ball 2-1: Ball 3-1: Fly out, F9 (Flyball, 89D, EV 104.4 MPH)
|
Batting: RHB Tony Crespo
|
0-0: Called Strike 0-1: TRIPLE (Groundball, 3L, EV 100.6 MPH) Sean Gould scores
|
Batting: LHB Seung-jun Chang
|
0-0: Called Strike 0-1: Ball 1-1: Ground out 6-3 (Groundball, 6, EV 108.8 MPH)
|
Bottom of the 8th over - 1 run, 1 hit, 0 errors, 1 left on base; Los Angeles (NYP) 10 - Minnesota (NYP) 2 |
TOP OF THE 9TH |
Los Angeles (NYP) Angels batting - Pitching for Minnesota (NYP) Twins : RHP Ruben Torres
|
Batting: RHB Steve Hasson
|
0-0: Foul Ball, location: 2F 0-1: Called Strike 0-2: Ball 1-2: Ground out 4-3 (Groundball, 4, EV 89.4 MPH)
|
Batting: RHB Greg Burdine
|
0-0: Called Strike 0-1: Foul Ball, location: 2F 0-2: Ball 1-2: SINGLE (Line Drive, 8RS, EV 93.1 MPH)
|
Pinch Hitting: SHB Roger Payne
|
0-0: Called Strike 0-1: Ball 1-1: Ball Passed Ball! Greg Burdine to second 2-1: Ball 3-1: Ground out 6-3 (Groundball, 6, EV 103.1 MPH)
|
Batting: RHB Jon Griffin
|
0-0: SINGLE (Line Drive, 6D, EV 98.1 MPH) Greg Burdine to third Runner from 3rd tries for Home, throw by LF and OUT! 7-2
|
Top of the 9th over - 0 runs, 2 hits, 0 errors, 1 left on base; Los Angeles (NYP) 10 - Minnesota (NYP) 2 |
BOTTOM OF THE 9TH |
Minnesota (NYP) Twins batting - Pitching for Los Angeles (NYP) Angels : RHP Cal Abbott
|
Now at 1B: Roger Payne
|
|
Batting: LHB Chris Munguia
|
0-0: Ball 1-0: Ball 2-0: Fly out, F8 (Flyball, 89M, EV 90.0 MPH)
|
Batting: RHB David Nardone
|
0-0: Ball 1-0: Ground out 3-1 (Groundball, 13, EV 80.0 MPH)
|
Batting: RHB Miguel Diaz
|
0-0: SINGLE (Groundball, 4MD, EV 96.3 MPH)
|
Batting: RHB Jose Nunez
|
0-0: SINGLE (Groundball, 4M, EV 95.6 MPH) Miguel Diaz to second
|
Batting: RHB Michael McDonald
|
0-0: Foul Ball, location: 2F 0-1: Ball 1-1: Foul Ball, location: 2F 1-2: Ball 2-2: Hit by Pitch Miguel Diaz to third Jose Nunez to second
|
Batting: RHB Sean Gould
|
0-0: Called Strike 0-1: Fly out, F6 (Popup, 6, EV 61.9 MPH)
|
Bottom of the 9th over - 0 runs, 2 hits, 0 errors, 3 left on base; Los Angeles (NYP) 10 - Minnesota (NYP) 2 |
|